 Dungeon Crawl Stone Soup version 0.20-a0-1114-g33edf32 (webtiles) character file.

590 sveltemanboy the Poker (level 7, -5/54 HPs)
             Began as a Demonspawn Monk on May 6, 2017.
             Was a Believer of Trog.
             Slain by an ogre
             ... wielding a +0 giant club
              (16 damage)
             ... on level 5 of the Dungeon.
             The game lasted 00:11:03 (5633 turns).

sveltemanboy the Poker (Demonspawn Monk)            Turns: 5633, Time: 00:11:03

Health: -5/54      AC:  8    Str: 19    XL:     7   Next: 16%
Magic:  0/7        EV: 12    Int: 11    God:    Trog [**....]
Gold:   275        SH:  0    Dex: 15    Spells: 6/6 levels left

rFire    . . .     SeeInvis .   o - +0 glaive
rCold    . . .     Gourm    .   (shield currently unavailable)
rNeg     . . .     Faith    .   y - +0 scale mail
rPois    .         Spirit   +   (no helmet)
rElec    .         Reflect  .   (no cloak)
rCorr    .         Harm     .   (no gloves)
MR       .....                  (no boots)
Stlth    +.........             r - amulet of rage
Regen    0.2/turn               (no ring)
MPRegen  0.1/turn               (no ring)

@: mighty
A: iridescent scales 1, powered by pain 2, magic shield
a: Berserk, Trog's Hand, Burn Spellbooks, Renounce Religion, Evoke Berserk Rage


You were on level 5 of the Dungeon.
You worshipped Trog.
Trog was pleased with you.
You were not hungry.

You visited 1 branch of the dungeon, and saw 5 of its levels.

You collected 275 gold pieces.

Inventory:

Hand Weapons
 a - a +0 trident
 o - a +0 glaive (weapon)
Armour
 y - a +0 scale mail (worn)
Jewellery
 r - an amulet of rage (around neck)
Wands
 s - a wand of enslavement (14/24)
Scrolls
 b - 4 scrolls of identify {unknown}
 d - 2 scrolls of blinking {unknown}
 f - 4 scrolls of teleportation
 l - 2 scrolls of enchant weapon {unknown}
 n - a scroll of immolation {unknown}
 p - a scroll of remove curse {unknown}
 q - a scroll of noise {unknown}
 t - a scroll of fear {unknown}
 u - a scroll of enchant armour {unknown}
 A - a scroll of fog {unknown}
Potions
 e - a potion of might {unknown}
 i - a potion of flight {unknown}
 j - a potion of lignification {unknown}
 k - a potion of mutation {unknown}
 v - a potion of curing {unknown}
 w - a potion of brilliance {unknown}
 x - 2 potions of magic {unknown}
 z - a potion of resistance {unknown}
Comestibles
 c - 5 bread rations
 g - 2 chunks of flesh
 h - 4 fruits
 m - a royal jelly


   Skills:
 - Level 4.0 Fighting
   Level 2.6 Long Blades
 * Level 4.5 Polearms
 - Level 3.1 Armour
 - Level 4.0 Dodging
 - Level 1.7 Stealth


You had 6 spell levels left.
You didn't know any spells.

Dungeon Overview and Level Annotations

Branches:
Dungeon (5/15)
 Temple: D:4-7

Altars:
Ashenzari
Kikubaaqudgha
Qazlal
Trog
Yredelemnul
Zin

Annotations:
D:5 1 runed door


Innate Abilities, Weirdness & Mutations

You are partially covered in iridescent scales. (AC +2)
You sometimes gain power by taking damage.
When hurt, damage is shared between your health and your magic reserves.


Message History

You slash the ogre!
The ogre is severely wounded.
The ogre hits you with a giant club!
You focus on the pain.
You feel your power returning.
You hit the ogre.
The ogre is almost dead.
The ogre hits you with a giant club.
You hit the ogre.
The ogre is almost dead.
The ogre hits you with a giant club!
You focus on the pain.
You feel very mighty all of a sudden.
You are too injured to fight recklessly!
You barely miss the ogre.
The ogre is almost dead.
The ogre hits you with a giant club!
* * * LOW HITPOINT WARNING * * *
You barely miss the ogre.
The ogre is almost dead.
The ogre hits you with a giant club!!
You die...

#..# ..... .# #.#.#
#########..##. .#. .
.#.# .......##..##. .'
.. .# # ######.##..##.
.. # ####.##..##.###.
###....##..##....# .
.................# '#
###....##.......O####...
# ####.# #......@.......
#.# #######........
#.#########..#!.##.
#......>.....# ..?.
###########.## >.. #...
.. ##### #


You could see an ogre.

Vanquished Creatures
  A slave (D:5)
  A phantom (D:4)
  A bullfrog zombie (D:5)
  2 hounds (D:4)
  An orc priest (D:5)
  2 orc wizards
  Jessica (D:3)
  2 iguanas (D:5)
  2 worker ants (D:5)
  9 adders
  A shadow imp (D:5)
  An ooze (D:3)
  3 worms
  3 dart slugs
  3 leopard geckos
  16 orcs
  2 ball pythons
  7 giant cockroaches
  5 hobgoblins
  3 jackals (D:3)
  4 kobolds
  A quokka (D:4)
  4 bats (D:1)
  6 frilled lizards
  4 goblins
  A leopard gecko zombie (D:5)
  9 rats
95 creatures vanquished.

Notes
Turn   | Place    | Note
-------+----------+-------------------------------------------
     0 | D:1      | sveltemanboy the Demonspawn Monk began the quest for the Orb.
     0 | D:1      | Reached XP level 1. HP: 18/18 MP: 1/1
   107 | D:1      | Gained mutation: You are partially covered in iridescent scales. (AC +2) [demonic ancestry]
   107 | D:1      | Reached XP level 2. HP: 22/24 MP: 2/2
   228 | D:1      | Reached skill level 1 in Armour
   749 | D:1      | Gained mutation: When hurt, damage is shared between your health and your magic reserves. [demonic ancestry]
   749 | D:1      | Reached XP level 3. HP: 29/29 MP: 3/3
  1292 | D:2      | Reached XP level 4. HP: 36/37 MP: 2/4
  1574 | D:2      | Found a glowing silver altar of Zin.
  2401 | D:3      | Gained mutation: You sometimes gain a little power by taking damage. [demonic ancestry]
  2401 | D:3      | Reached XP level 5. HP: 25/42 MP: 3/5
  2560 | D:3      | Found a stormy altar of Qazlal.
  2681 | D:3      | Found a basalt altar of Yredelemnul.
  2955 | D:3      | Noticed Jessica
  3036 | D:3      | Killed Jessica
  3134 | D:4      | Reached skill level 1 in Polearms
  3445 | D:4      | Found an ancient bone altar of Kikubaaqudgha.
  3674 | D:4      | Gained mutation: You sometimes gain power by taking damage. [demonic ancestry]
  3674 | D:4      | Reached XP level 6. HP: 25/48 MP: 4/6
  4260 | D:5      | Entered Level 5 of the Dungeon
  4262 | D:5      | Noticed a two-headed ogre
  4882 | D:5      | Reached XP level 7. HP: 38/54 MP: 4/7
  4989 | D:5      | Found a runed door.
  5445 | D:5      | Found a bloodstained altar of Trog.
  5451 | D:5      | Became a worshipper of Trog the Wrathful
  5451 | D:5      | Reached * piety under Trog
  5451 | D:5      | Reached ** piety under Trog
  5548 | D:5      | Found a shattered altar of Ashenzari.
  5633 | D:5      | Slain by an ogre

Vault maps used:
D:1:      dpeg_arrival_tiny_a
D:2:      minmay_hexomino_r4
D:3:      nicolae_qazlal_general_emergency, lemuel_doored_altar, uniq_jessica
D:4:      kiku_gazebo_garden_becter, first_bread
D:5:      lemuel_round_altar, led_sif_pool, kennysheep_mini_moat,
          evilmike_ruin_ashenzari, uniq_crazy_yiuf_cottage, uniq_pikel

Skill      XL: |  1  2  3  4  5  6 |
---------------+-------------------+-----
Armour         | 1 2 3 |  3.1
Dodging        | 3 4 |  4.0
Fighting       | 4 |  4.0
Polearms       | 1 4 |  4.5
Long Blades    | |  2.6
Stealth        | |  1.7

Action                   |  1- 3 |  4- 6 |  7- 9 || total
-------------------------+-------+-------+-------++-------
Melee: Falchion          |    90 |   230 |       ||   320
       Trident           |       |    96 |    24 ||   120
       Glaive            |       |       |    41 ||    41
  Use: Scroll            |       |       |     1 ||     1
 Stab: Sleeping          |     6 |     4 |       ||    10
       Distracted        |       |     1 |       ||     1
  Eat: Chunk             |     1 |    12 |     3 ||    16
Armor: Robe              |    13 |       |       ||    13
       Leather armour    |     9 |    68 |       ||    77
       Scale mail        |       |    11 |    16 ||    27
Dodge: Dodged            |    71 |   202 |    31 ||   304
       Rpst.: Falchion   |    21 |    45 |       ||    66
